 Dungeon Crawl Stone Soup version 0.29-a0-1009-g60c99734e7 (webtiles) character file.

Game seed: 5980854496400825834

34754 Sobieck the Brawler (level 13, -2/118 HPs)
             Began as a Ghoul Monk on Aug 8, 2022.
             Was a High Priest of Okawaru.
             Slain by a faun
             ... wielding a +0 spear
              (4 damage)
             ... on level 1 of the Lair of Beasts on Aug 9, 2022.
             The game lasted 00:33:55 (18602 turns).

Sobieck the Brawler (Ghoul Monk)                   Turns: 18602, Time: 00:33:56

Health: -2/118     AC: 24    Str: 20    XL:     13   Next: 79%
Magic:  18/19      EV:  9    Int:  9    God:    Okawaru [*****.]
Gold:   852        SH:  5    Dex: 11    Spells: 12/12 levels left

rFire   . . .      SeeInvis .     - Unarmed
rCold   + + .      Faith    .   c - +0 buckler
rNeg    + + +      Spirit   .   q - +0 plate armour
rPois   ∞          Reflect  .   I - +2 helmet
rElec   .          Harm     .   F - +0 cloak
rCorr   +          Rampage  .   (no gloves)
Will    .....                   s - +1 pair of boots of Complete Protection {rCorr Int+4}
Stlth   ..........              i - amulet of the acrobat
HPRegen 0.00/turn               J - +4 ring of slaying
MPRegen 0.16/turn               r - ring of protection from cold

@: heroic, inhibited regen
A: claws 1, cold resistance 1, negative energy resistance 3, inhibited
regeneration, torment resistance 2, devour on kill
a: Renounce Religion, Heroism, Finesse, Duel


You were on level 1 of the Lair of Beasts.
You worshipped Okawaru.
Okawaru was extremely pleased with you.
You visited 3 branches of the dungeon, and saw 16 of its levels.

You collected 852 gold pieces.


Innate Abilities, Weirdness & Mutations

You are immune to poison.
You have sharp fingernails.
Your flesh is cold resistant. (rC+)
You are immune to negative energy. (rN+++)
You do not regenerate when monsters are visible.
You are immune to unholy pain and torment.
You thrive by killing the living.


   Skills:
 + Level 12.2(17.2) Fighting
 + Level 8.6(13.6) Throwing
 + Level 8.6(13.6) Armour
 - Level 2.6(7.6) Dodging
 - Level 2.1(7.1) Stealth
 + Level 3.1(8.1) Shields
 - Level 15.0(20.0) Unarmed Combat
 + Level 9.5 Invocations


You had 12 spell levels left.
You didn't know any spells.
Your spell library contained the following spells:

 Spells                   Type           Power      Damage    Failure   Level
 Necrotise                Necr           0%         1d4       100%        1
 Slow                     Hex            0%         N/A       100%        1
 Confusing Touch          Hex            0%         N/A       100%        3
 Vampiric Draining        Necr           0%         2d6       100%        3
 Airstrike                Air            0%         2d(0-16)  100%        4
 Agony                    Necr           0%         N/A       100%        5
 Lightning Bolt           Conj/Air       0%         1d11      100%        5
 Summon Lightning Spire   Summ/Air       Unusable   N/A       N/A         4

Inventory:

Hand Weapons
 g - a +2 shortbow of flaming {bow}
   (Okawaru gifted it to you on level 13 of the Dungeon)
 K - the +7 mace of Variability {chain chaos, mace}
   (You found it on level 14 of the Dungeon)

   Each time it hits an enemy it has a different, random effect.
   It occasionally unleashes arcs of chaos on nearby creatures upon striking a
   foe.
Missiles
 a - 18 poisoned darts (quivered) {throwing}
 e - 2 atropa-tipped darts {throwing}
 m - 53 stones {throwing}
 n - 4 silver boomerangs {throwing}
 o - a boomerang {throwing}
 v - 4 javelins {throwing}
 A - 4 curare-tipped darts {=fthrowing}
 M - a throwing net {=f!fthrowing}
Armour
 c - a +0 buckler (worn)
   (You found it on level 13 of the Dungeon)
 q - a +0 plate armour (worn)
   (You found it on level 3 of the Dungeon)
 s - the +1 pair of boots of Complete Protection (worn) {rCorr Int+4}
   (Okawaru gifted it to you on level 11 of the Dungeon)

   Int:       It affects your intelligence (+4).
   rCorr:     It protects you from acid and corrosion.
 y - a +0 scale mail
   (You found it on level 3 of the Dungeon)
 z - a +0 robe
   (You found it on level 2 of the Dungeon)
 F - a +0 cloak (worn)
   (You found it on level 14 of the Dungeon)
 H - a +2 animal skin
   (You took it off Robin on level 4 of the Dungeon)
 I - a +2 helmet (worn)
   (You took it off Robin on level 4 of the Dungeon)
 N - a +1 robe of resistance
   (You took it off an orc wizard on level 6 of the Dungeon)
 O - a +0 leather armour
   (You took it off an orc on level 6 of the Dungeon)
 R - a +0 robe
   (You took it off Pikel on level 7 of the Dungeon)
 U - a +0 robe
   (You took it off an orc wizard on level 6 of the Dungeon)
 V - a +0 robe
   (You took it off an orc wizard on level 6 of the Dungeon)
 W - a +0 chain mail
   (You took it off an orc warrior on level 8 of the Dungeon)
 X - a +0 robe
   (You took it off an orc wizard on level 6 of the Dungeon)
 Y - a +0 leather armour
   (You took it off Eustachio on level 6 of the Dungeon)
Jewellery
 i - an amulet of the acrobat (around neck)
   (You found it on level 1 of the Lair of Beasts)
 r - a ring of protection from cold (right claw)
   (You found it on level 10 of the Dungeon)
 x - an amulet of magic regeneration {@e2}
   (You found it on level 5 of the Dungeon)
 J - a +4 ring of slaying (left claw)
   (You found it on level 13 of the Dungeon)
 P - a +4 ring of evasion
   (You found it on level 6 of the Dungeon)
 Z - a ring of ice
   (You found it on level 7 of the Dungeon)
Wands
 j - a wand of quicksilver (10)
   (You found it on level 5 of the Dungeon)
 k - a wand of charming (6)
   (You took it off Pikel on level 7 of the Dungeon)
 l - a wand of mindburst (6)
   (You found it on level 14 of the Dungeon)
 t - a wand of flame (15)
   (You found it on level 7 of the Dungeon)
Scrolls
 d - 10 scrolls of teleportation {@r4}
 u - 5 scrolls of identify {@r1}
 w - a scroll of poison
 B - 2 scrolls of torment
 E - a scroll of vulnerability {!r!r}
 Q - a scroll of magic mapping {!r}
 T - 5 scrolls of immolation {!r!r}
Potions
 b - 4 potions of ambrosia
 f - a potion of brilliance
 h - a potion of attraction {unknown}
 p - 2 potions of might
 C - 5 potions of lignification
 D - 3 potions of curing {@q1}
 G - 4 potions of mutation
 L - 2 potions of flight
 S - 3 potions of magic

Dungeon Overview and Level Annotations

Branches:
Dungeon (14/15) Zot: 24907  Temple (1/1) D:4 Zot: 5937    Lair (1/5) D:9 Zot: 5860
    Orc (0/2) D:10
 Vaults: D:13-14

Altars:
Cheibriados
Dithmenos
Fedhas
Gozag
Hepliaklqana
Kikubaaqudgha
Makhleb
Nemelex Xobeh
Okawaru
Qazlal
Ru
Sif Muna
Uskayaw
Vehumet
Wu Jian
Xom
Yredelemnul

Portals:
Trove: D:11 (give 8 potions of haste)

Annotations:
D:2 1 runed translucent door, Crazy Yiuf
D:4 2 transporters, Zonian's ghost, amateur TeAE
D:8 2 transporters, Encipher's ghost, novice GrEE
D:11 1 runed translucent door, garrulousMonolith's ghost, journeyman HOFi
D:12 3 runed translucent doors, SirDiesAlot's ghost, journeyman DsCj

#.#...........!..#
#.##...........#.
##.......P##....#
#...#...####.#..#..
###.#...#.#..h@..$#
##.......>.##P...###
#.[......### .......
##.#...#..####......
#.#........@.......
..#...<....hc......
##.#...#########....
#.###.# ... ..# #.#
. ..# #.# ..# .. ..


You could see a faun and a wolf.


Message History

Okawaru accepts your kill.
You feel better. The wolf bites you. The wolf bites you but does no damage.
You scratch the wolf. The wolf bites you but does no damage.
The wolf barely misses you.
The faun hits you from afar with a +0 spear.
The wolf barely misses you. You block the wolf's attack.
You mangle the wolf!! The wolf bites you but does no damage.
The wolf bites you.
The wolf bites you but does no damage. x2
You closely miss the wolf. The faun barely misses you.
You block the wolf's attack. x2; The wolf bites you but does no damage.
You claw the wolf!
You kill the wolf!
Okawaru accepts your kill.
A wolf comes into view.
The wolf bites you but does no damage. The wolf barely misses you.
The faun hits you but does no damage.
The wolf howls!
You mangle the wolf!! The wolf bites you.
The wolf bites you but does no damage.
The faun hits you from afar with a +0 spear.
You mangle the wolf!!
You kill the wolf!
Okawaru accepts your kill.
You feel better. The wolf bites you. The wolf closely misses you.
The wolf completely misses you.
You scratch the wolf. The wolf bites you but does no damage.
You block the wolf's attack. The faun barely misses you.
The wolf bites you but does no damage.
You scratch the wolf. The wolf completely misses you.
The wolf bites you but does no damage. x2
The wolf pauses to sniff the ground.
The wolf bites you but does no damage. The faun hits you but does no damage.
You miss the wolf. The wolf bites you. The wolf barely misses you.
The wolf bites you but does no damage. x2
You mangle the wolf!!
You kill the wolf!
Okawaru accepts your kill.
You feel better. The wolf bites you. The faun hits you but does no damage.
You block the wolf's attack. The wolf barely misses you.
The wolf bites you but does no damage.
You barely miss the wolf. The wolf closely misses you.
The faun hits you but does no damage. The wolf bites you but does no damage.
The wolf bites you!
You are too injured to fight recklessly!
You are too injured to fight recklessly!
You are too injured to fight recklessly!
You are too injured to fight recklessly!
You claw the wolf! The wolf bites you! The wolf bites you but does no damage.
The wolf barely misses you. The faun hits you but does no damage.
The wolf bites you but does no damage.
You closely miss the wolf. The wolf bites you! The wolf barely misses you. x2
The wolf bites you! The faun hits you but does no damage.
The wolf bites you but does no damage.
You mangle the wolf!!
You kill the wolf!
Okawaru accepts your kill.
The wolf bites you but does no damage. x2
The faun hits you but does no damage.
You closely miss the wolf. You block the wolf's attack.
The wolf completely misses you. The wolf bites you but does no damage.
You completely miss the wolf. You block the wolf's attack.
The faun hits you from afar with a +0 spear!
* * * LOW HITPOINT WARNING * * *
The wolf bites you but does no damage. The wolf bites you.
* * * LOW HITPOINT WARNING * * *
You claw the wolf!
The wolf pauses to sniff the ground.
The wolf bites you.
* * * LOW HITPOINT WARNING * * *
The wolf bites you but does no damage.
The faun hits you from afar with a +0 spear!
* * * LOW HITPOINT WARNING * * *
You gain the combat prowess of a mighty hero.
The wolf bites you but does no damage. x2; The wolf barely misses you.
You block the faun's attack. The wolf bites you but does no damage.
You claw the wolf!
You kill the wolf!
Okawaru accepts your kill.
You feel better. The wolf bites you.
* * * LOW HITPOINT WARNING * * *
The faun hits you from afar with a +0 spear.
* * * LOW HITPOINT WARNING * * *
The wolf bites you but does no damage. The wolf misses you.
The faun hits you with a +0 spear!!
* * * LOW HITPOINT WARNING * * *
You see here a wolf corpse.
You scratch the faun. The wolf bites you but does no damage.
You scratch the faun but do no damage. The faun hits you with a +0 spear.
* * * LOW HITPOINT WARNING * * *
The wolf closely misses you.
You closely miss the faun. The wolf closely misses you.
You claw the faun! You block the faun's attack.
The wolf bites you but does no damage.
You closely miss the faun. You block the wolf's attack.
The faun hits you with a +0 spear.
* * * LOW HITPOINT WARNING * * *
You barely miss the faun. You block the wolf's attack.
You barely miss the faun. The wolf barely misses you.
The faun hits you with a +0 spear.
You die...

Skill      XL: |  1  2  3  4  5  6  7  8  9 10 11 12 13 |
---------------+----------------------------------------+-----
Unarmed Combat | 4 5 6 7 8 9 14 15 | 15.0
Fighting       | 4 5 6 8 10 11 12 | 12.2
Throwing       | 1 2 4 6 7 8 |  8.6
Armour         | 1 2 4 6 7 8 |  8.6
Invocations    | 1 3 4 6 8 9 |  9.5
Shields        | 3 |  3.1
Dodging        | |  2.6
Stealth        | |  2.1

Action                   |  1- 3 |  4- 6 |  7- 9 | 10-12 | 13-15 || total
-------------------------+-------+-------+-------+-------+-------++-------
Melee: Unarmed           |    89 |   105 |   317 |   434 |   283 ||  1228
       Punch             |     2 |     1 |     9 |    31 |     5 ||    48
Throw: Stone             |    11 |     1 |    25 |       |       ||    37
       Dart              |       |     2 |     7 |     9 |     3 ||    21
       Boomerang         |       |       |       |    85 |       ||    85
Invok: Heroism           |       |       |     1 |       |     5 ||     6
       Finesse           |       |       |       |       |     2 ||     2
  Use: Potion            |       |     1 |     2 |     1 |     5 ||     9
       Scroll            |       |       |    16 |     7 |     1 ||    24
 Stab: Sleeping          |     4 |       |       |       |       ||     4
       Distracted        |       |       |       |     1 |       ||     1
Armor: Robe              |     6 |       |       |       |       ||     6
       Ring mail         |    19 |    17 |       |       |       ||    36
       Scale mail        |       |     9 |    29 |       |       ||    38
       Plate armour      |       |       |   152 |   212 |   277 ||   641
Dodge: Dodged            |    42 |    33 |   137 |   162 |   133 ||   507
Block: Buckler           |       |       |       |       |    78 ||    78

Levels and vault maps discovered:
D:1:      dpeg_arrival_leaves_temple_mockup, layout_loops_ring,
          chequers_serial_rivers_room_a, patterned_corridor
D:2:      wander_river, layout_rooms, minmay_tetromino_s2, uniq_jessica,
          uniq_sigmund, uniq_crazy_yiuf_cottage
D:3:      layout_basic, mainiacjoe_overflow_catwalk, uniq_grinder
D:4:      layout_rooms, temple_statues, gammafunk_ghost_smash, uniq_robin
D:5:      layout_gridville, old_standard_altar
D:6:      layout_rooms, minitemple, chequers_serial_rivers_micro_a,
          uniq_eustachio
D:7:      layout_basic, uniq_pikel
D:8:      layout_basic, grunt_temple_overflow_open, nicolae_xom_altar_mimics,
          nzn_ghost_randoct, dreamdust_princess_corridor
D:9:      layout_cave_pods, dpeg_oklobed_lair, dreamdust_wishing_well,
          hangedman_tell_no_tales
D:10:     layout_stronghold, jmf_multi_god_temple, erik_orc_3, uniq_nergalle
D:11:     minmay_klotski, layout_long_grid, hellmonk_ghost_big_iron,
          nicolae_trove_entry_crystal
D:12:     layout_basic, gammafunk_ghost_spectres
D:13:     layout_loops_ring, uniq_frances
D:14:     layout_basic, david_vaults_2, kennysheep_decorative_pillar,
          minmay_guarded_unrand_variability
Temple:   nicolae_temple_hex_pool
Lair:1:   layout_loops_ring, grunt_forest_large_clearings, lemuel_fruit_tree,
          uniq_joseph, uniq_amaemon

Notes
Turn   | Place    | Note
-------+----------+-------------------------------------------
     0 | D:1      | Sobieck the Ghoul Monk began the quest for the Orb.
     0 | D:1      | Reached XP level 1. HP: 19/19 MP: 0/0
   279 | D:1      | Reached XP level 2. HP: 26/26 MP: 1/1
   535 | D:1      | Reached skill level 4 in Unarmed Combat
   893 | D:1      | Reached XP level 3. HP: 26/33 MP: 2/2
  1144 | D:2      | Noticed Sigmund
  1234 | D:2      | Reached skill level 4 in Fighting
  1243 | D:2      | Noticed Jessica
  1255 | D:2      | Killed Jessica
  1256 | D:2      | Reached XP level 4. HP: 36/40 MP: 3/3
  1278 | D:3      | Found an ancient bone altar of Kikubaaqudgha.
  1284 | D:3      | Reached skill level 5 in Unarmed Combat
  1358 | D:3      | HP: 8/40 [orc priest/divine providence (10)]
  1360 | D:3      | Reached XP level 5. HP: 14/47 MP: 4/4
  1881 | D:3      | Noticed Grinder
  1898 | D:3      | Paralysed by Grinder for 3 turns
  1903 | D:3      | Paralysed by Grinder for 2 turns
  1908 | D:3      | Killed Grinder
  1909 | D:3      | Reached skill level 5 in Fighting
  1909 | D:3      | Reached skill level 6 in Unarmed Combat
  1909 | D:3      | Reached XP level 6. HP: 34/56 MP: 5/5
  2520 | D:2      | Killed Sigmund
  2521 | D:2      | Reached skill level 7 in Unarmed Combat
  2521 | D:2      | Reached XP level 7. HP: 52/62 MP: 6/6
  2657 | D:2      | Found a runed translucent door.
  2658 | D:2      | Noticed Crazy Yiuf
  2958 | D:4      | You pick up a book of Debilitation and begin reading...
  2958 | D:4      | You add the spells Slow, Vampiric Draining and Confusing
                  | Touch to your library.
  2999 | D:3      | HP: 15/62 [necrophage (1)]
  3002 | D:3      | Reached skill level 6 in Fighting
  3296 | D:4      | Found a staircase to the Ecumenical Temple.
  3302 | Temple   | Entered the Ecumenical Temple
  3336 | Temple   | Became a worshipper of Warmaster Okawaru
  3336 | Temple   | Reached * piety under Okawaru
  3336 | Temple   | Reached ** piety under Okawaru
  3515 | D:4      | You pick up a book of Necromancy and begin reading...
  3515 | D:4      | You add the spells Necrotise and Agony to your library.
  3556 | D:4      | Noticed Robin
  3564 | D:4      | Found a transporter.
  3641 | D:4      | Killed Robin
  3754 | D:4      | Reached skill level 8 in Unarmed Combat
  3831 | D:4      | Noticed Zonian's ghost (amateur TeAE)
  3832 | D:4      | Found a transporter.
  3859 | D:5      | Entered Level 5 of the Dungeon
  3950 | D:5      | Reached skill level 1 in Throwing
  3950 | D:5      | Reached skill level 1 in Armour
  3950 | D:5      | Reached skill level 1 in Invocations
  3950 | D:5      | Reached XP level 8. HP: 70/70 MP: 7/7
  4677 | D:4      | Reached skill level 2 in Invocations
  5008 | D:5      | Reached skill level 2 in Throwing
  5075 | D:5      | Reached skill level 2 in Armour
  5259 | D:5      | Found a sparkling altar of Nemelex Xobeh.
  5473 | D:5      | Reached skill level 9 in Unarmed Combat
  5853 | D:6      | Reached skill level 3 in Invocations
  5853 | D:6      | Reached XP level 9. HP: 78/78 MP: 10/10
  6034 | D:6      | Reached *** piety under Okawaru
  6074 | D:6      | Reached skill level 7 in Fighting
  6108 | D:6      | Noticed Eustachio
  6120 | D:6      | Reached skill level 3 in Throwing
  6133 | D:6      | Killed Eustachio
  6134 | D:6      | Reached skill level 3 in Armour
  6292 | D:6      | Found a hide-covered altar of Uskayaw.
  6293 | D:6      | Found a hazy altar of Hepliaklqana.
  6293 | D:6      | Found a snail-covered altar of Cheibriados.
  6537 | D:7      | Noticed Pikel
  6553 | D:7      | Killed Pikel
  6553 | D:7      | Reached **** piety under Okawaru
  6554 | D:7      | Reached skill level 10 in Unarmed Combat
  6554 | D:7      | Reached skill level 4 in Invocations
  7194 | D:8      | Found a transporter.
  7203 | D:8      | Noticed Encipher's ghost (novice GrEE)
  7203 | D:8      | Noticed a white ugly thing
  7203 | D:8      | Noticed a boulder beetle
  7253 | D:8      | Noticed a troll
  7444 | D:8      | Found a transporter.
  7481 | D:8      | Reached skill level 8 in Fighting
  7545 | D:8      | Reached skill level 4 in Throwing
  7545 | D:8      | Reached skill level 4 in Armour
  7740 | D:8      | Found a shimmering altar of Xom.
  7741 | D:8      | Identified a potion of experience
  7743 | D:8      | Found a shimmering altar of Xom.
  7745 | D:8      | Reached skill level 14 in Unarmed Combat
  7745 | D:8      | Reached XP level 10. HP: 88/88 MP: 12/12
  7747 | D:8      | Found a shimmering altar of Xom.
  7747 | D:8      | Found a shimmering altar of Xom.
  7748 | D:8      | Found a shimmering altar of Xom.
  7748 | D:8      | Found a shimmering altar of Xom.
  7825 | D:8      | Found a shimmering altar of Xom.
  7896 | D:8      | Reached XP level 11. HP: 91/94 MP: 13/13
  7981 | D:8      | Found a shimmering blue altar of Sif Muna.
  7985 | D:8      | Found a burning altar of Makhleb.
  8104 | D:8      | Reached skill level 5 in Invocations
  8130 | D:8      | HP: 23/95 [steam dragon] (9)]
  8132 | D:8      | Reached skill level 15 in Unarmed Combat
  9065 | D:9      | Received a gift from Okawaru
  9155 | D:9      | Received a gift from Okawaru
  9156 | D:9      | Reached skill level 5 in Throwing
  9330 | D:9      | Reached skill level 5 in Armour
  9331 | D:9      | Reached skill level 6 in Invocations
  9337 | D:9      | Reached ***** piety under Okawaru
  9341 | D:9      | Reached skill level 9 in Fighting
  9542 | D:9      | Found a staircase to the Lair.
 10032 | D:9      | HP: 23/97 [something (2)]
 10036 | D:9      | Received a gift from Okawaru
 10288 | D:10     | Entered Level 10 of the Dungeon
 10604 | D:10     | Noticed Nergalle
 10615 | D:10     | Killed Nergalle
 10615 | D:10     | Received a gift from Okawaru
 10661 | D:10     | Reached skill level 6 in Throwing
 10661 | D:10     | Reached skill level 6 in Armour
 10932 | D:10     | Found a blossoming altar of Fedhas.
 10932 | D:10     | Found a sacrificial altar of Ru.
 11092 | D:10     | Noticed a two-headed ogre
 11106 | D:10     | Killed a two-headed ogre
 11107 | D:10     | Reached skill level 10 in Fighting
 11107 | D:10     | Reached XP level 12. HP: 72/106 MP: 15/15
 11307 | D:10     | Found a staircase to the Orcish Mines.
 11818 | D:11     | Noticed a seven-headed hydra
 11827 | D:11     | Killed a seven-headed hydra
 11882 | D:11     | Noticed a seven-headed hydra
 11896 | D:10     | HP: 18/106 [seven-headed hydra (12)]
 11897 | D:10     | Killed a seven-headed hydra
 12251 | D:11     | You fall into a shaft and drop 1 floor!
 12992 | D:11     | Identified the +1 pair of boots of Complete Protection
                  | {rCorr Int+4} (Okawaru gifted it to you on level 11 of the
                  | Dungeon)
 12992 | D:11     | Received a gift from Okawaru
 13169 | D:11     | Noticed garrulousMonolith's ghost (journeyman HOFi)
 13183 | D:11     | Found a runed translucent door.
 13279 | D:11     | Reached skill level 7 in Invocations
 13466 | D:11     | Found a portal to a secret trove of treasure.
 13474 | D:11     | This trove needs 8 potions of haste to function. Give it
                  | the items?
 13720 | D:12     | Noticed a boulder beetle
 13730 | D:12     | Killed a boulder beetle
 13879 | D:12     | Reached skill level 7 in Throwing
 13879 | D:12     | Reached skill level 7 in Armour
 13936 | D:12     | Noticed a five-headed hydra
 13944 | D:12     | Killed a five-headed hydra
 14413 | D:12     | Found a runed translucent gate.
 14414 | D:12     | Found a runed translucent gate.
 14415 | D:12     | Found a runed translucent gate.
 14416 | D:12     | Noticed SirDiesAlot's ghost (journeyman DsCj)
 14602 | D:12     | You pick up a book of Storms and begin reading...
 14602 | D:12     | You add the spells Airstrike and Lightning Bolt to your
                  | library.
 14639 | D:12     | Reached skill level 11 in Fighting
 15361 | D:13     | Noticed a catoblepas
 15371 | D:13     | Killed a catoblepas
 15372 | D:13     | Reached skill level 8 in Invocations
 15516 | D:13     | Noticed a centaur warrior
 15524 | D:13     | Killed a centaur warrior
 15525 | D:13     | Reached XP level 13. HP: 76/116 MP: 18/18
 16020 | D:13     | Reached ****** piety under Okawaru
 16082 | D:13     | Noticed Frances
 16103 | D:13     | Killed Frances
 16103 | D:13     | Received a gift from Okawaru
 16316 | D:14     | Found a shimmering altar of Xom.
 16316 | D:14     | Found the +7 mace of Variability {chain chaos}
 16340 | D:14     | HP: 4/116 [very large slime creature (53)]
 16346 | D:14     | Reached skill level 8 in Throwing
 16346 | D:14     | Reached skill level 8 in Armour
 16347 | D:14     | HP: 23/117 [cyclops (19)]
 16351 | D:14     | HP: 10/117 [cyclops (13)]
 16355 | D:14     | Reached skill level 1 in Shields
 16742 | D:14     | HP: 27/117 [something/puff of flame (4)]
 17023 | D:14     | Reached skill level 9 in Invocations
 17043 | D:14     | Reached skill level 2 in Shields
 17382 | D:14     | Reached skill level 12 in Fighting
 17663 | D:14     | Noticed a yaktaur captain
 17943 | Lair:1   | Entered Level 1 of the Lair of Beasts
 18014 | Lair:1   | Noticed Joseph
 18523 | D:9      | Killed Joseph
 18528 | D:9      | Reached skill level 3 in Shields
 18541 | D:9      | Received a gift from Okawaru
 18592 | Lair:1   | HP: 29/118 [faun/+0 spear (9)]
 18595 | Lair:1   | HP: 10/118 [faun/+0 spear (18)]
 18600 | Lair:1   | HP: 2/118 [faun/+0 spear (3)]
 18602 | Lair:1   | Slain by a faun

Vanquished Creatures
  Frances (D:13)
  2 boulder beetles
  3 hydras
  A catoblepas (D:13)
  6 slime creatures (D:14)
  3 centaur warriors
  A two-headed ogre (D:10)
  A tengu warrior (D:14)
  Nergalle (D:10)
  Pikel (D:7)
  6 ugly things (D:14)
  A deep elf pyromancer (D:12)
  4 cyclopes
  4 manticores
  2 gargoyles
  Joseph (D:9)
  A tengu conjurer (D:14)
  2 unseen horrors
  2 kobold demonologists (D:9)
  2 trolls
  A hornet (D:9)
  Grinder (D:3)
  Sigmund (D:2)
  26 yaks
  A shadow (D:9)
  5 wyverns
  Eustachio (D:6)
  2 wraiths (D:11)
  A yak (shapeshifter) (D:13)
  2 chaos spawn (D:14)
  4 steam dragons
  4 vampire mosquitoes (D:10)
  2 ice beasts
  A black bear (D:5)
  2 orc warriors (D:8)
  4 ogres
  2 sky beasts (D:8)
  4 centaurs
  31 wolves
  2 lemures (D:7)
  2 phantoms (D:5)
  A kobold brigand (D:9)
  2 necrophages
  4 bullfrogs
  A gnoll sergeant (D:4)
  A scorpion (D:6)
  3 killer bees (D:11)
  5 spriggan skeletons (D:9)
  A troll skeleton (D:9)
  5 howler monkeys
  A hound (D:7)
  2 jellies (D:6)
  8 orc priests
  Jessica (D:2)
  4 iguanas
  16 orc wizards
  Robin (D:4)
  6 gnolls
  5 adders
  2 white imps
  2 ufetubi
  3 worms
  3 dart slugs
  44 orcs
  7 ball pythons
  6 bats
  10 endoplasms
  3 giant cockroaches
  6 hobgoblins
  13 kobolds
  3 quokkas
  2 frilled lizards
  15 goblins
  7 rats
337 creatures vanquished.

Vanquished Creatures (others)
  An orc wizard (D:10)
  5 fungi
  10 plants
16 creatures vanquished.

Grand Total: 353 creatures vanquished

Table legend:
 A = Non-vault XP
 B = Vault XP
 C = Vault XP percentage of total XP
 D = Non-vault monster count
 E = Vault monster count
 F = Vault count percentage of total count
                 A         B        C        D         E       F
            +---------+---------+-------+---------+---------+-------
      Total |   36712 |    8533 |  18.9 |     265 |      71 |  21.1
            +---------+---------+-------+---------+---------+-------
        D:1 |      56 |       0 |   0.0 |      24 |       0 |   0.0
        D:2 |      44 |     277 |  86.3 |      15 |       4 |  21.1
        D:3 |     276 |     273 |  49.7 |      24 |       4 |  14.3
        D:4 |     312 |      29 |   8.5 |      17 |       8 |  32.0
        D:5 |     784 |       0 |   0.0 |      14 |       0 |   0.0
        D:6 |     801 |     202 |  20.1 |      17 |       1 |   5.6
        D:7 |     211 |     641 |  75.2 |       7 |       1 |  12.5
        D:8 |    2633 |       0 |   0.0 |      27 |       0 |   0.0
        D:9 |    4926 |    2737 |  35.7 |      46 |      22 |  32.4
       D:10 |    4212 |    1238 |  22.7 |      13 |      17 |  56.7
       D:11 |    3303 |       0 |   0.0 |      15 |       0 |   0.0
       D:12 |    3690 |       0 |   0.0 |       6 |       0 |   0.0
       D:13 |    6569 |    1487 |  18.5 |      13 |       1 |   7.1
       D:14 |    8807 |     359 |   3.9 |      26 |       2 |   7.1
     Lair:1 |      88 |    1290 |  93.6 |       1 |      11 |  91.7
            +---------+---------+-------+---------+---------+-------

Illustrated notes

Table legend:
 A = Kills in this place as a percentage of kills in entire the game.
 B = Kills by you in this place as a percentage of kills by you in the entire game.
 C = Kills by friends in this place as a percentage of kills by friends in the entire game.
 D = Other kills in this place as a percentage of other kills in the entire game.
 E = Experience gained in this place as a percentage of experience gained in the entire game.
 F = Experience gained in this place divided by the number of levels of this place that you have seen.
                   A       B       C       D       E      F
               +-------+-------+-------+-------+-------+----------------------
         Total | 100.0 | 100.0 |   N/A | 100.0 | 100.0 | 2827.8
       Dungeon |  96.4 |  96.4 |   N/A | 100.0 |  97.0 | 3133.4
          Lair |   3.6 |   3.6 |   N/A |   0.0 |   3.0 | 1378.0
               +-------+-------+-------+-------+-------+----------------------

Table legend: (Time is in decaauts)
 A = Elapsed time spent in this place.
 B = Non-inter-level travel time spent in this place.
 C = Inter-level travel time spent in this place.
 D = Time resting spent in this place.
 E = Time spent auto-exploring this place.
 F = Levels seen in this place.
 G = Mean time per level.
                   A        B        C        D        E       F      G
               +--------+--------+--------+--------+--------+-----+--------+
         Total |  18365 |  17808 |    557 |   4759 |  10329 |  16 | 1147.8 |
       Dungeon |  18164 |  17634 |    530 |   4759 |  10256 |  14 | 1297.4 |
        Temple |     62 |     35 |     27 |      0 |     21 |   1 |   62.0 |
          Lair |    138 |    138 |      0 |      0 |     52 |   1 |  138.0 |
               +--------+--------+--------+--------+--------+-----+--------+

Top non-repeatable levels by time:
    D:10: 2460 daAuts
     D:9: 2047 daAuts
     D:8: 1460 daAuts
     D:3: 1447 daAuts
    D:12: 1445 daAuts
    D:14: 1349 daAuts
    D:13: 1301 daAuts
     D:4: 1200 daAuts
     D:1: 1170 daAuts
     D:5: 1166 daAuts
    D:11: 944 daAuts
     D:6: 773 daAuts
     D:7: 758 daAuts
     D:2: 638 daAuts
  Lair:1: 138 daAuts
